 Dungeon Crawl Stone Soup version 0.30-a0-424-g7412bad402 (webtiles) character file.

Game seed: 11953627854124893645

605080 Lobster4 the Englaciator (level 27, 0/238 HPs)
             Began as a Merfolk Ice Elementalist on Dec 7, 2022.
             Was the Champion of the Shining One.
             Succumbed to a death drake's foul vapour
             ... on level 4 of the Realm of Zot on Dec 9, 2022.
             The game lasted 07:53:28 (96722 turns).

Lobster4 the Englaciator (MfIE)                    Turns: 96722, Time: 07:53:29

Health: 0/238      AC: 19    Str: 24    XL:     27
Magic:  8/42       EV: 23    Int: 33    God:    the Shining One [******]
Gold:   7218       SH: 21    Dex: 15    Spells: 6/56 levels left

rFire   + + +      SeeInvis .    a - +9 trishula (holy)
rCold   + . .      Faith    .    u - +3 buckler {reflect}
rNeg    + + +      Spirit   .    X - +1 faerie dragon scales {Will++ rCorr Dex+3}
rPois   +          Reflect  +    T - +2 hat
rElec   +          Harm     .    J - +2 cloak {Will+}
rCorr   +          Rampage  .    k - +2 pair of gloves
Will    +++++                    M - +2 pair of boots of Action {rPois rF+ Will+ Str+3}
Stlth   +.........               i - amulet "Kaluer" {RegenMP rElec Will+ Str+4}
HPRegen 0.59/turn                N - ring "Mawny" {rF+++ rN+ Will- Str+8 Dex-2}
MPRegen 0.68/turn                x - ring "Muer" {rPois rC+ Int+3 Slay+2}

@: lethally poisoned (0 -> -1), divinely shielded, sluggish, glowing, studying 3
skills, unable to drink, very slow
A: (nimble swimmer 2), mertail, clever 1, deformed body, inability to drink
after injury 1
}: 3/15 runes: decaying, serpentine, silver
a: Renounce Religion, Divine Shield, Cleansing Flame, Summon Divine Warrior


You were on level 4 of the Realm of Zot.
You worshipped the Shining One.
The Shining One was exalted by your worship.
You visited 11 branches of the dungeon, and saw 51 of its levels.
You also visited: Bailey.

You collected 11135 gold pieces.
You spent 3917 gold pieces at shops.

Inventory:

Hand Weapons
 a - a +9 trishula of holy wrath (weapon)
 b - the +4 sling of the Sneaky Cities {freeze, rF+ Will++}
   (You found it on level 4 of the Swamp)

   Any ammunition fired from it freezes those it strikes, dealing additional
   cold damage.
   It can also slow down cold-blooded creatures.
   rF:        It protects you from fire.
   Will:      It greatly increases your willpower.
 m - the +10 broad axe of Parts Unknown {spect, rCorr Str+5}
   (You bought it in a shop on level 2 of the Depths)

   When its wielder attacks, the weapon's spirit leaps out and strikes again.
   The spirit shares a part of any damage it takes with its wielder.
   Str:       It affects your strength (+5).
   rCorr:     It protects you from acid and corrosion.
 r - the +9 staff of Olgreb {rPois∞}
   (You acquired it on level 1 of the Vaults)

   If the wielder is skilled in Evocations, they can envenom those struck by it,
   dealing poison damage which bypasses armour.
   It enhances your poison magic.
   It grants immunity to poison.
   It can be activated via the 'a'bility menu to radiate toxic energy, with
   effectiveness depending on Evocations skill.
 t - the +11 dagger of the Tundras {spect, rElec rN+ Int+3}
   (You found it on level 3 of the Crypt)

   When its wielder attacks, the weapon's spirit leaps out and strikes again.
   The spirit shares a part of any damage it takes with its wielder.
   Int:       It affects your intelligence (+3).
   rElec:     It insulates you from electricity.
   rN:        It protects you from negative energy.
 V - the +8 mace of Ykluwnutz {vorpal, Str+3 Int+4 Stlth+}
   (You took it off a centaur warrior on level 8 of the Dungeon)

   It inflicts extra damage upon your enemies.
   Str:       It affects your strength (+3).
   Int:       It affects your intelligence (+4).
   Stlth:     It makes you more stealthy.
Armour
 k - a +2 pair of gloves (worn)
 s - the +3 robe of Clouds {*Thunder rCloud rElec}
   (You found it on level 4 of the Vaults)

   It occasionally creates storm clouds above nearby enemies.
   It grants its wearer immunity to clouds.
   rElec:     It insulates you from electricity.
 u - a +3 buckler of reflection (worn)
 J - a +2 cloak of willpower (worn)
 M - the +2 pair of boots of Action (worn) {rPois rF+ Will+ Str+3}
   (You found it on level 4 of the Realm of Zot)

   Str:       It affects your strength (+3).
   rF:        It protects you from fire.
   rPois:     It protects you from poison.
   Will:      It increases your willpower.
 T - a +2 hat (worn)
 X - the +1 faerie dragon scales (worn) {Will++ rCorr Dex+3}
   (You took it off the Enchantress on level 3 of the Depths)

   Dex:       It affects your dexterity (+3).
   rCorr:     It protects you from acid and corrosion.
   Will:      It greatly increases your willpower.
Jewellery
 i - the amulet "Kaluer" (around neck) {RegenMP rElec Will+ Str+4}
   (You bought it in a shop on level 2 of the Orcish Mines)

   [amulet of magic regeneration]

   It increases your rate of magic regeneration.
   Str:       It affects your strength (+4).
   rElec:     It insulates you from electricity.
   Will:      It increases your willpower.
 p - the ring of Warchuo {rF+ Will- Str+6 Int+7 SInv}
   (You found it on level 3 of the Depths)

   [ring of strength]

   Str:       It affects your strength (+6).
   Int:       It affects your intelligence (+7).
   rF:        It protects you from fire.
   SInv:      It lets you see invisible.
   Will:      It decreases your willpower.
 x - the ring "Muer" (right hand) {rPois rC+ Int+3 Slay+2}
   (You took it off a tengu reaver on level 2 of the Depths)

   [ring of protection from cold]

   Int:       It affects your intelligence (+3).
   Slay:      It affects your accuracy & damage with ranged weapons and melee
   (+2).
   rC:        It protects you from cold.
   rPois:     It protects you from poison.
 H - a ring of flight
 L - a ring of protection from cold
 N - the ring "Mawny" (left hand) {rF+++ rN+ Will- Str+8 Dex-2}
   (You found it on level 3 of the Crypt)

   [ring of positive energy]

   Str:       It affects your strength (+8).
   Dex:       It affects your dexterity (-2).
   rF:        It renders you almost immune to fire.
   rN:        It protects you from negative energy.
   Will:      It decreases your willpower.
 W - the ring of Scepticism {rPois Will+ AC+4 Int+4 Stlth-}
   (You found it on level 4 of the Realm of Zot)

   [ring of protection]

   AC:        It affects your AC (+4).
   Int:       It affects your intelligence (+4).
   rPois:     It protects you from poison.
   Will:      It increases your willpower.
   Stlth:     It makes you less stealthy.
 Z - the ring "Raos" {Ice rPois}
   (You found it on level 4 of the Lair of Beasts)

   [ring of ice]

   It enhances your ice magic.
   rF:        It makes you vulnerable to fire.
   rC:        It protects you from cold.
   rPois:     It protects you from poison.
Wands
 f - a wand of iceblast (75)
 K - a wand of digging (4)
 Q - a wand of mindburst (33)
 Y - a wand of light (34)
Scrolls
 g - 3 scrolls of butterflies
 h - 18 scrolls of teleportation
 v - 7 scrolls of silence
 y - a scroll of summoning
 A - 2 scrolls of magic mapping
 B - 7 scrolls of immolation
 C - 10 scrolls of fear
 G - 8 scrolls of enchant armour
 I - 5 scrolls of blinking
 S - 6 scrolls of poison
Potions
 c - 5 potions of heal wounds
 d - 4 potions of ambrosia
 e - 7 potions of haste
 l - 31 potions of curing
 n - 9 potions of cancellation
 o - 5 potions of resistance
 q - 13 potions of brilliance
 w - 9 potions of flight
 z - 9 potions of lignification
 D - 3 potions of magic
 F - 6 potions of berserk rage
 P - 2 potions of might
 R - 5 potions of mutation
Miscellaneous
 j - a tin of tremorstones (2/2)
 O - a lightning rod (4/4)
 U - a phantom mirror


   Skills:
 + Level 24.1 Fighting
 - Level 12.0 Short Blades
 - Level 9.9(10.0) Maces & Flails
 - Level 11.8(12.0) Polearms
 - Level 1.2(8.0) Staves
 - Level 8.0 Ranged Weapons
 - Level 1.0 Throwing
 - Level 10.0 Armour
 + Level 21.9 Dodging
 - Level 3.0 Stealth
 - Level 5.0 Shields
 - Level 15.0 Spellcasting
 - Level 8.0 Conjurations
 - Level 5.0 Summonings
 O Level 27 Ice Magic
 - Level 10.0 Air Magic
 - Level 6.0 Earth Magic
 - Level 7.0 Poison Magic
 + Level 17.8 Invocations
 - Level 3.0 Evocations


You had 6 spell levels left.
You knew the following spells:

 Your Spells              Type           Power      Damage    Failure   Level
a - Freeze                Ice            100%       1d10      0%          1
b - Frozen Ramparts       Ice            100%       1d16      0%          3
c - Ozocubu's Armour      Ice            100%       N/A       0%          3
d - Stone Arrow           Conj/Erth      100%       3d13      1%          3
e - Vhi's Electric Charg  Tloc/Air       100%       N/A       1%          3
f - Airstrike             Air            37%        2d(6-22)  1%          4
g - Freezing Cloud        Conj/Ice/Air   44%        6-21      1%          5
h - Ozocubu's Refrigerat  Ice            58%        4d20      1%          7
i - Summon Ice Beast      Ice/Summ       92%        N/A       1%          4
j - Magic Dart            Conj           100%       1d8       1%          1
k - Searing Ray           Conj           100%       2d8       1%          2
l - Swiftness             Air            74%        N/A       1%          3
m - Hailstorm             Conj/Ice       96%        3d19      0%          3
p - Olgreb's Toxic Radia  Pois           63%        N/A       1%          4
s - Summon Lightning Spi  Summ/Air       65%        N/A       1%          4

Your spell library contained the following spells:

 Spells                   Type           Power      Damage    Failure   Level
 Ensorcelled Hibernation  Hex/Ice        100%       N/A       0%          2
 Foxfire                  Conj/Fire      100%       2x1d9     1%          1
 Sandblast                Erth           100%       2d20      1%          1
 Shock                    Conj/Air       100%       1d9       1%          1
 Sting                    Tmut/Pois      100%       1d8       1%          1
 Summon Small Mammal      Summ           100%       N/A       1%          1
 Cigotuvi's Dreadful Rot  Necr/Pois/Air  100%       N/A       1%          2
 Passwall                 Tmut/Erth      36%        N/A       1%          2
 Poisonous Vapours        Pois/Air       100%       N/A       1%          2
 Static Discharge         Conj/Air       100%       2-7/arc   1%          2
 Call Canine Familiar     Summ           55%        N/A       1%          3
 Dazzling Flash           Conj/Hex       100%       N/A       1%          3
 Mephitic Cloud           Conj/Pois/Air  68%        N/A       1%          3
 Spider Form              Tmut/Pois      47%        N/A       1%          3
 Ice Form                 Ice/Tmut       85%        N/A       1%          4
 Arcjolt                  Conj/Air       35%        1d45      1%          5
 Lightning Bolt           Conj/Air       35%        1d53      1%          5
 Metabolic Englaciation   Hex/Ice        42%        N/A       1%          5
 Simulacrum               Ice/Necr       42%        N/A       1%          6
 Apportation              Tloc           48%        N/A       2%          1
 Summon Guardian Golem    Hex/Summ       41%        N/A       2%          3
 Animate Armour           Summ/Erth      100%       N/A       2%          4
 Iskenderun's Battlesphe  Conj           67%        2d12      2%          5
 Blink                    Tloc           48%        N/A       3%          2
 Sublimation of Blood     Necr           24%        N/A       3%          2
 Wereblood                Tmut           24%        N/A       3%          2
 Ignite Poison            Fire/Tmut/Pois 40%        N/A       3%          3
 Flame Wave               Conj/Fire      50%        2d12      4%          4
 Fulminant Prism          Conj/Hex       25%        3d14      4%          4
 Iskenderun's Mystic Bla  Conj/Tloc      50%        2d11      4%          4
 Sticky Flame             Conj/Fire      50%        2d7       4%          4
 Gell's Gravitas          Tloc           24%        N/A       8%          3
 Inner Flame              Hex/Fire       24%        N/A       8%          3
 Portal Projectile        Hex/Tloc       48%        N/A       8%          3
 Teleport Other           Tloc           24%        N/A       8%          3
 Tukima's Dance           Hex            24%        N/A       8%          3
 Leda's Liquefaction      Hex/Erth       22%        N/A       8%          4
 Petrify                  Tmut/Erth      44%        N/A       8%          4
 Silence                  Hex/Air        27%        N/A       9%          5
 Conjure Ball Lightning   Conj/Air       35%        3x3d12    10%         6
 Irradiate                Conj/Tmut      25%        3d20      14%         5
 Alistair's Intoxication  Tmut/Pois      31%        N/A       17%         5
 Iron Shot                Conj/Erth      31%        9d6       22%         6
 Anguish                  Hex/Necr       12%        N/A       26%         4
 Cause Fear               Hex            12%        N/A       26%         4
 Manifold Assault         Tloc           24%        N/A       26%         4
 Passage of Golubria      Tloc           24%        N/A       26%         4
 Summon Forest            Summ/Tloc      20%        N/A       26%         5
 Summon Mana Viper        Hex/Summ       41%        N/A       26%         5
 Summon Cactus Giant      Summ           27%        N/A       45%         6
 Agony                    Necr           24%        N/A       56%         5
 Blade Hands              Tmut           12%        N/A       56%         5
 Yara's Violent Unravell  Hex/Tmut       12%        3d7       56%         5
 Starburst                Conj/Fire      25%        6d8       58%         6
 Eringya's Noxious Bog    Tmut/Pois      23%        N/A       67%         6
 Statue Form              Tmut/Erth      29%        N/A       75%         6
 Dispersal                Tloc           12%        N/A       98%         6
 Polar Vortex             Ice            58%        N/A       4%          9
 Spellforged Servitor     Conj/Summ      30%        N/A       83%         7
 Monstrous Menagerie      Summ           27%        N/A       95%         7
 Storm Form               Tmut/Air       27%        N/A       95%         7
 Summon Hydra             Summ           27%        N/A       95%         7
 Maxwell's Capacitive Co  Air            37%        ∞         95%         8
 Dragon Form              Tmut           12%        N/A       100%        7
 Enfeeble                 Hex            12%        N/A       100%        7
 Discord                  Hex            12%        N/A       100%        8
 Disjunction              Tloc           12%        N/A       100%        8
 Ignition                 Fire           12%        3d6       100%        8
 Lehudib's Crystal Spear  Conj/Erth      31%        10d8      100%        8


Dungeon Overview and Level Annotations

Branches:
Dungeon (15/15)            Temple (1/1) D:4            Lair (5/5) D:8
  Swamp (4/4) Lair:2        Snake (4/4) Lair:3        Slime (0/5) Lair:4
    Orc (2/2) D:11            Elf (3/3) Orc:2        Vaults (5/5) D:13
  Crypt (3/3) Vaults:3       Tomb (0/3) Crypt:3      Depths (4/4) D:15
    Zot (5/5) Depths:4     Bailey (visited)

Altars:
Ashenzari
Cheibriados
Dithmenos
Elyvilon
Fedhas
Gozag
Hepliaklqana
Kikubaaqudgha
Makhleb
Nemelex Xobeh
Okawaru
Qazlal
Ru
Sif Muna
Trog
Uskayaw
Vehumet
Wu Jian
Xom
Yredelemnul
Zin
The Shining One
Jiyva

Shops:
D:6 :   D:12 (   Orc:1 ?   Orc:2 (:=?   Snake:1 **   Snake:3 [[?   Vaults:1 ?
Vaults:2 ?   Vaults:4 !   Depths:1 [   Depths:2 =(   Depths:4 *

Portals:
Hell: Depths:1 Depths:2 Depths:3 Depths:4
Abyss: Depths:3
Pandemonium: Depths:2
Ziggurat: Depths:3

Annotations:
Zot:2 2 transporters
Zot:3 1 transporter


Innate Abilities, Weirdness & Mutations

((You are very nimble when in or above water. (Stealth+, EV+, Speed+++)))
Your lower body shifts to a powerful aquatic tail in water.
Your mind is acute. (Int +4, Str/Dex -1)
Armour fits poorly on your strangely shaped body.
You occasionally lose the ability to drink potions when taking damage.


Message History

* * * LOW HITPOINT WARNING * * *
You feel very sick.
There is a stone staircase leading up here.
* * * LOW HITPOINT WARNING * * *
You feel very sick.
You climb upwards.
* * * LOW HITPOINT WARNING * * *
You feel very sick.
There is a stone staircase leading down here.
You cannot drink potions in your current state!
Unknown command.
You cannot drink potions in your current state!
Unknown command.
Okay, then.
Activating: Cleansing Flame (0% risk of failure)
Press: ? - help, Dir - look around, f - activate The golden flame engulfs you but does no damage.
* * * LOW HITPOINT WARNING * * *
You feel sick.
Casting: Freezing Cloud (safe; 1% risk of failure)
Confirm with . or Enter, or press ? or * to list all spells.
Okay, then.
Your shield is strengthened by the Shining One's divine power.
* * * LOW HITPOINT WARNING * * *
You feel sick.
You cannot drink potions in your current state!
Unknown command.
* * * LOW HITPOINT WARNING * * *
You feel sick.
Activating: Cleansing Flame (0% risk of failure)
Press: ? - help, Dir - look around, f - activate The golden flame engulfs you but does no damage.
You resist.
* * * LOW HITPOINT WARNING * * *
You feel sick.
Activating: Cleansing Flame (0% risk of failure)
Press: ? - help, Dir - look around, f - activate The golden flame engulfs you but does no damage.
You resist.
You die...

.........#
.........#############
.....###.............#
##...# #.............#
#...# #.............#
##...###.............#
#.....#########......#
#.....# #......#
#.....# #.@....#
#.....# #......#
###...# #...#### #
#...# #...#
###...#########...#
...†..............#
...[....^.........#
..................#
..................#


There were no monsters in sight!

Vanquished Creatures
  2 dread liches (Vaults:5)
  3 orbs of fire
  3 ancient liches
  A juggernaut (Depths:2)
  Mennas (Vaults:3)
  Sojobo (Vaults:5)
  Vv (Depths:4)
  Vashnia (Snake:3)
  Saint Roka (Crypt:1)
  3 caustic shrikes
  5 curse toes
  Jory (Vaults:4)
  12 golden dragons
  A profane servitor (Crypt:3)
  Nikola (Swamp:4)
  A bone dragon (Crypt:3)
  The ghost of Kucw the Warrior, an adept GrFi of Cheibriados (Crypt:2)
  The ghost of Zonian the Tortoise, an adept GnBr of Ashenzari (Swamp:2)
  Zenata (Vaults:3)
  Rupert (D:15)
  16 tentacled monstrosities
  A walking earthen tome (Depths:2)
  3 deep elf blademasters
  2 liches
  6 Orb Guardians (Zot:5)
  5 sphinxes
  7 quicksilver dragons
  6 titans (Vaults:5)
  2 deep elf master archers (Elf:3)
  8 death cobs
  6 ancient champions
  The ghost of NinjaNoafa the Bludgeoner, an adept MiFi of Gozag (Snake:1)
  14 storm dragons
  Donald (Swamp:2)
  5 thorn hunters
  10 tengu reavers
  Kirke (D:15)
  3 draconian monks
  10 nagarajas
  8 shadow dragons
  A fenstrider witch (Swamp:2)
  8 frost giants
  4 draconian knights
  2 revenants
  15 fire giants
  8 deep elf sorcerers
  22 vault wardens
  3 deep elf elementalists (Elf:3)
  A balrug (Depths:3)
  The ghost of Uniporpoise the Bludgeoner, an adept GrFi of Okawaru (Swamp:3)
  Aizul (Vaults:3)
  7 draconian scorchers
  A curse skull (Crypt:3)
  A ghost moth (Zot:3)
  4 ghouls
  Louise (Elf:1)
  6 draconian shifters
  4 draconian stormcallers
  2 iron dragons
  A spectral juggernaut (Crypt:3)
  3 draconian annihilators
  3 spriggan defenders
  18 stone giants
  20 very ugly things
  10 ironbound preservers
  3 war gargoyles
  3 eleionomae
  6 ironbound thunderhulks
  6 vampire knights
  6 green draconians
  8 black draconians
  6 deep elf demonologists
  Azrael (D:15)
  4 bunyips
  6 deep elf annihilators
  The ghost of zishaf the Stormcaller, a journeyman TeAE of Vehumet (Lair:4)
  15 dire elephants
  5 spark wasps
  13 red draconians
  10 yellow draconians
  5 white draconians
  8 purple draconians
  11 deep elf death magi
  10 ettins
  4 eidola
  4 entropy weavers
  18 jiangshi
  Josephine (D:11)
  2 shambling mangroves
  6 deep elf high priests
  A merfolk impaler (Depths:3)
  16 ice dragons
  4 rakshasas
  4 great orbs of eyes
  8 yaktaur captains
  A hydra (shapeshifter) (Depths:1)
  12 fire dragons
  41 vault guards
  A peacekeeper (Vaults:3)
  2 salamander tyrants (Snake:4)
  15 hydras
  An anaconda (shapeshifter) (Depths:4)
  6 spriggan air magi
  4 ogre magi (Orc:2)
  6 ironbound frosthearts
  9 anacondas
  A catoblepas (D:13)
  31 dancing weapons
  6 death knights
  8 boulder beetles
  The ghost of McMuffin the Cleaver, a novice HOFi of Beogh (D:10)
  6 alligators
  2 deep troll shamans
  4 two-headed ogres
  19 centaur warriors
  5 deep troll earth magi
  15 naga warriors
  5 tengu warriors
  Urug (Lair:3)
  5 shock serpents
  A two-headed ogre (shapeshifter) (Vaults:4)
  6 vampire magi
  5 spriggan berserkers
  25 spriggans
  2 iron trolls (Depths:1)
  6 hell knights (Depths:4)
  19 naga sharpshooters
  19 deep elf knights
  2 sun demons
  2 goliath frogs
  2 sixfirhies (D:13)
  34 skeletal warriors
  A goliath frog (shapeshifter) (Depths:4)
  2 salamander mystics
  2 death drakes (shapeshifter)
  5 sea snakes
  5 spriggan druids
  An orange crystal statue (D:12)
  A spriggan simulacrum (Crypt:3)
  33 deep trolls
  4 flayed ghosts
  21 ironbound convokers
  8 bog bodies
  7 naga ritualists
  9 swamp dragons
  2 glowing orange brains
  5 harpies (Vaults:3)
  19 deep elf archers
  7 phantasmal warriors
  29 deep elf zephyrmancers
  9 wizards
  A broodmother zombie (Crypt:2)
  5 necromancers
  12 lindwurms
  4 orc knights
  6 orc sorcerers
  6 cyclopes
  11 salamanders
  17 mana vipers
  58 ugly things
  4 manticores
  36 deep elf pyromancers
  31 moths of wrath
  8 will-o-the-wisps
  A moth of wrath (shapeshifter) (Vaults:2)
  A stone giant zombie (Crypt:2)
  An elephant (shapeshifter) (D:13)
  A fire giant skeleton (Depths:1)
  6 guardian serpents
  An iron dragon skeleton (Depths:1)
  23 vault sentinels
  A rust devil (D:13)
  10 apocalypse crabs (Zot:4)
  18 naga magi
  39 black mambas
  A molten gargoyle (Depths:4)
  7 cane toads
  3 orange demons
  5 smoke demons
  A gargoyle (D:13)
  Psyche (D:11)
  7 komodo dragons
  A green draconian zombie (Crypt:1)
  2 efreet
  A yaktaur (shapeshifter) (Elf:3)
  21 yaktaurs
  A hellion (Depths:2)
  Maggie (D:6)
  9 unseen horrors
  5 rime drakes
  16 freezing wraiths
  A dire elephant skeleton (Crypt:1)
  A yellow draconian zombie (Crypt:2)
  2 kobold demonologists (D:13)
  2 tengu conjurers
  7 hellwings
  A rime drake (shapeshifter) (D:14)
  3 ice devils (D:13)
  2 iron troll skeletons
  A merfolk (D:9)
  11 polar bears
  A meliai (D:13)
  5 red devils (D:13)
  A hornet (shapeshifter) (Depths:1)
  A troll (shapeshifter) (Vaults:4)
  7 trolls
  10 tyrant leeches
  8 blink frogs
  4 bloated husks
  2 large abominations (Crypt:3)
  14 hornets
  A slime creature (shapeshifter) (Depths:2)
  13 slime creatures
  14 dream sheep (Lair:5)
  A raiju (shapeshifter) (D:10)
  2 raiju (Lair:5)
  63 flying skulls
  An ice dragon skeleton (Crypt:1)
  44 yaks
  7 shadows
  A spriggan skeleton (Depths:1)
  4 air elementals
  11 wraiths
  3 ynoxinuls
  A wyvern (shapeshifter) (D:15)
  7 water elementals
  A fire bat (shapeshifter) (D:10)
  3 vampires
  A spriggan (shapeshifter) (Vaults:5)
  2 hogs (shapeshifter)
  5 hogs (D:15)
  4 chaos spawn (D:13)
  4 wyverns
  2 basilisks
  Grum (D:9)
  A redback (shapeshifter) (Vaults:4)
  6 fire elementals
  12 vampire mosquitoes
  5 swamp worm simulacra (Swamp:4)
  4 steam dragons
  5 neqoxecs
  6 redbacks
  52 nagas
  9 swamp worms
  5 acid dragons
  6 wargs
  A water nymph zombie (Crypt:1)
  19 hell hounds
  17 hydra simulacra
  28 water moccasins
  A floating eye (Depths:2)
  Duvessa (D:6)
  27 orc warriors
  12 black bears
  6 swamp drakes
  An ice beast (D:8)
  2 sky beasts
  A black mamba simulacrum (Crypt:3)
  9 ogres
  24 wolves
  2 boggarts
  2 small abominations (Crypt:3)
  12 centaurs
  A torpor snail zombie (Crypt:1)
  A phantom (D:5)
  4 kobold brigands
  A bullfrog (shapeshifter) (Vaults:5)
  4 earth elementals
  7 necrophages
  10 bullfrogs
  2 gnoll sergeants
  4 scorpions
  10 wights
  Dowan (D:6)
  A draconian skeleton (Crypt:2)
  A human simulacrum (Depths:1)
  A yak zombie (Crypt:2)
  6 howler monkeys
  4 electric eels
  3 vampire bats (Lair:3)
  A jelly (D:5)
  Crazy Yiuf (D:6)
  4 hounds
  19 orc priests
  5 iguanas
  Natasha (thrice) (D:2)
  36 orc wizards
  A boggart skeleton (Crypt:2)
  A deep dwarf skeleton (Crypt:2)
  Robin (D:2)
  6 gnolls
  8 adders
  2 white imps
  3 swamp drake simulacra (Swamp:4)
  3 worms
  3 dart slugs
  109 orcs
  13 ball pythons
  12 bats
  10 endoplasms
  A giant cockroach (D:1)
  11 hobgoblins
  3 jackals (D:3)
  18 kobolds
  3 quokkas
  6 frilled lizards
  2 frilled lizard zombies
  12 goblins
  A hobgoblin skeleton (Crypt:1)
  10 rats
  A river rat skeleton (Crypt:1)
  14 briar patches
2322 creatures vanquished.

Vanquished Creatures (collateral kills)
  the Enchantress (Depths:3)
  2 Orb Guardians (Zot:5)
  An eleionoma (Swamp:3)
  An ironbound thunderhulk (Vaults:4)
  A dire elephant (Vaults:1)
  A hydra (Swamp:2)
  A ghost crab (Swamp:3)
  An alligator (Swamp:1)
  A vampire mage (Vaults:3)
  2 spriggan druids (Swamp:2)
  A goliath frog (Swamp:2)
  An orc sorcerer (Orc:2)
  2 tyrant leeches (Swamp:4)
  A spriggan (Swamp:3)
  5 vampire mosquitoes
  A swamp worm (Swamp:4)
  3 orc warriors (Orc:2)
  6 orc wizards (Orc:2)
  2 orcs (Orc:2)
34 creatures vanquished.

Vanquished Creatures (others)
  A shadow wraith (Crypt:3)
  A deep elf zephyrmancer (Elf:1)
  A tyrant leech (Swamp:4)
  A wraith (D:13)
  A swamp worm (Swamp:4)
  A wolf (Lair:5)
  A howler monkey (shapeshifter) (D:10)
  An orc (D:6)
  A bush (Lair:5)
  9 demonic plants (D:13)
  12 foxfires
  29 fungi
  169 plants
228 creatures vanquished.

Grand Total: 2584 creatures vanquished

Notes
Turn   | Place    | Note
-------+----------+-------------------------------------------
     0 | D:1      | Lobster4 the Merfolk Ice Elementalist began the quest for
                  | the Orb.
     0 | D:1      | Reached XP level 1. HP: 13/13 MP: 3/3
   212 | D:1      | Reached XP level 2. HP: 20/20 MP: 1/5
   924 | D:1      | Reached XP level 3. HP: 24/25 MP: 3/6
  1204 | D:2      | Noticed Natasha
  1309 | D:2      | Killed Natasha
  1310 | D:2      | Reached skill level 1 in Fighting
  1453 | D:2      | Reached XP level 4. HP: 32/32 MP: 5/7
  1497 | D:2      | Reached skill level 5 in Ice Magic
  1627 | D:2      | Noticed Natasha
  1665 | D:2      | Killed Natasha
  1670 | D:2      | Learned a level 3 spell: Frozen Ramparts
  1674 | D:2      | Learned a level 3 spell: Ozocubu's Armour
  1676 | D:2      | Noticed Natasha
  1683 | D:2      | Killed Natasha
  1684 | D:2      | Reached XP level 5. HP: 30/38 MP: 5/8
  1961 | D:2      | Reached skill level 1 in Armour
  2057 | D:3      | Noticed Robin
  2154 | D:2      | Killed Robin
  2695 | D:4      | Reached skill level 1 in Throwing
  3036 | D:4      | Reached XP level 6. HP: 41/44 MP: 6/10
  3195 | D:4      | Reached skill level 1 in Shields
  3195 | D:4      | Reached skill level 6 in Ice Magic
  3200 | D:4      | Learned a level 1 spell: Magic Dart
  3243 | D:4      | Reached XP level 7. HP: 22/47 MP: 3/11
  3471 | D:4      | Found a staircase to the Ecumenical Temple.
  3580 | Temple   | Entered the Ecumenical Temple
  3611 | Temple   | Became a worshipper of the Shining One
  3828 | D:5      | Entered Level 5 of the Dungeon
  4017 | D:5      | Reached skill level 1 in Conjurations
  4368 | D:5      | Reached XP level 8. HP: 58/58 MP: 5/13
  4465 | D:5      | Reached skill level 7 in Ice Magic
  4693 | D:5      | Learned a level 3 spell: Stone Arrow
  4936 | D:5      | Reached skill level 1 in Polearms
  5260 | D:6      | Noticed Maggie
  5740 | D:6      | Found Boso's Vocational Training.
  5859 | D:6      | Found a runed translucent door.
  5860 | D:6      | Noticed Crazy Yiuf
  6078 | D:6      | Killed Maggie
  6079 | D:6      | Reached skill level 1 in Earth Magic
  6213 | D:6      | Killed Crazy Yiuf
  6251 | D:7      | Noticed Duvessa
  6251 | D:7      | Noticed Dowan
  6260 | D:6      | Reached skill level 8 in Ice Magic
  6260 | D:6      | Reached XP level 9. HP: 45/66 MP: 13/15
  6262 | D:6      | Killed Dowan
  6263 | D:6      | Killed Duvessa
  6480 | D:7      | Reached * piety under the Shining One
  6530 | D:6      | Learned a level 2 spell: Searing Ray
  6625 | D:7      | Reached skill level 1 in Invocations
  6727 | D:7      | Learned a level 4 spell: Summon Ice Beast
  6851 | D:7      | Found a blossoming altar of Fedhas.
  6859 | D:7      | Found a shimmering blue altar of Sif Muna.
  6869 | D:7      | Found a basalt altar of Yredelemnul.
  6869 | D:7      | Found a sparkling altar of Nemelex Xobeh.
  7162 | D:7      | Found a radiant altar of Vehumet.
  7243 | D:7      | Reached skill level 5 in Fighting
  7243 | D:7      | Reached skill level 1 in Evocations
  7303 | D:7      | Reached skill level 1 in Summonings
  7547 | D:8      | Reached skill level 9 in Ice Magic
  7547 | D:8      | Reached XP level 10. HP: 70/74 MP: 12/17
  7633 | D:8      | Identified the +9 shortbow "Qiss" {antimagic, Str+3 SInv}
  7774 | D:8      | Identified the +5 scale mail of Gluttony {+Blink rElec rC-
                  | Slay-4}
  7874 | D:8      | Reached skill level 5 in Spellcasting
  7964 | D:8      | Found a staircase to the Lair.
  8075 | D:8      | Found a sacrificial altar of Ru.
  8163 | D:8      | Noticed a manticore
  8174 | D:8      | Killed a manticore
  8205 | D:8      | Noticed an eight-headed hydra
  8213 | D:8      | Killed an eight-headed hydra
  8279 | D:8      | Reached ** piety under the Shining One
  8472 | D:8      | Identified the +8 mace of Ykluwnutz {vorpal, Str+3 Int+4
                  | Stlth+}
  8472 | D:8      | Noticed a centaur warrior
  8570 | D:8      | Killed a centaur warrior
  8571 | D:8      | Reached skill level 5 in Shields
  8571 | D:8      | Reached skill level 10 in Ice Magic
  8571 | D:8      | Reached XP level 11. HP: 10/81 MP: 11/19
  8811 | D:8      | Noticed a seven-headed hydra
  8820 | D:8      | Killed a seven-headed hydra
  8975 | D:8      | Identified 2 scrolls of acquirement
  8978 | D:8      | Acquired the Catalogue of Hurting
  9018 | D:8      | Noticed a centaur warrior
  9035 | D:8      | Killed a centaur warrior
  9357 | D:8      | Found a shadowy altar of Dithmenos.
  9358 | D:8      | Found an iron altar of Okawaru.
  9429 | D:9      | Noticed Grum
  9435 | D:9      | Killed Grum
  9436 | D:9      | Reached skill level 1 in Maces & Flails
  9648 | D:9      | Reached skill level 1 in Air Magic
  9969 | D:9      | Noticed a boulder beetle
 10011 | D:9      | Killed a boulder beetle
 10307 | D:10     | Entered Level 10 of the Dungeon
 10307 | D:10     | Noticed a two-headed ogre
 10317 | D:10     | Killed a two-headed ogre
 10369 | D:10     | Found a flagged portal.
 10396 | Bailey   | Entered a bailey
 10899 | Bailey   | Reached skill level 11 in Ice Magic
 11060 | Bailey   | Reached XP level 12. HP: 89/89 MP: 15/21
 11281 | D:10     | Reached *** piety under the Shining One
 11344 | D:10     | Reached skill level 1 in Ranged Weapons
 11386 | D:10     | Found a runed translucent gate.
 11387 | D:10     | Found a runed translucent gate.
 11387 | D:10     | Found a runed translucent gate.
 11751 | D:10     | Reached skill level 5 in Armour
 12213 | D:11     | Noticed a boulder beetle
 12257 | D:11     | Killed a boulder beetle
 12521 | D:11     | Reached skill level 5 in Conjurations
 12573 | D:11     | Reached skill level 5 in Dodging
 12931 | D:11     | Noticed a two-headed ogre
 12939 | D:11     | Killed a two-headed ogre
 13107 | D:11     | Noticed Josephine
 13121 | D:11     | Killed Josephine
 13186 | D:11     | Noticed a two-headed ogre
 13197 | D:11     | Killed a two-headed ogre
 13245 | D:11     | Noticed a centaur warrior
 13245 | D:11     | Reached **** piety under the Shining One
 13264 | D:11     | Killed a centaur warrior
 13435 | D:11     | Noticed Psyche
 13446 | D:11     | Killed Psyche
 13484 | D:11     | Found a staircase to the Orcish Mines.
 13502 | D:11     | Reached skill level 12 in Ice Magic
 13838 | Lair:1   | Entered Level 1 of the Lair of Beasts
 14054 | Lair:1   | Reached XP level 13. HP: 99/99 MP: 16/23
 14263 | Lair:1   | Reached skill level 5 in Earth Magic
 15444 | Lair:2   | Reached XP level 14. HP: 109/109 MP: 18/25
 15445 | Lair:2   | Reached skill level 10 in Fighting
 15445 | Lair:2   | Reached skill level 13 in Ice Magic
 15445 | Lair:2   | Reached XP level 15. HP: 117/117 MP: 18/26
 15452 | Lair:2   | Learned a level 5 spell: Freezing Cloud
 15456 | Lair:2   | Learned a level 3 spell: Hailstorm
 15658 | Lair:2   | Reached skill level 10 in Dodging
 15894 | Lair:2   | Found a staircase to the Swamp.
 16041 | Lair:3   | Noticed Urug
 16048 | Lair:3   | Killed Urug
 16145 | Lair:3   | Found a staircase to the Snake Pit.
 17060 | Lair:4   | Identified the ring "Raos" {Ice rPois}
 17069 | Lair:4   | Found a runed translucent door.
 17070 | Lair:4   | Noticed zishaf's ghost (journeyman TeAE)
 17095 | Lair:4   | Found a viscous altar of Jiyva.
 17096 | Lair:4   | Found a staircase to the Slime Pits.
 17849 | Lair:4   | Reached skill level 5 in Air Magic
 18141 | Lair:5   | Entered Level 5 of the Lair of Beasts
 18152 | Lair:5   | Reached skill level 14 in Ice Magic
 18640 | Lair:5   | Reached ***** piety under the Shining One
 19367 | Lair:5   | Reached XP level 16. HP: 93/127 MP: 21/28
 20439 | Lair:5   | Reached skill level 5 in Invocations
 20838 | Lair:4   | Killed zishaf's ghost
 20999 | Orc:1    | Entered Level 1 of the Orcish Mines
 21015 | Orc:1    | You fall into a shaft and drop 1 floor!
 21015 | Orc:2    | Entered Level 2 of the Orcish Mines
 21325 | Orc:1    | Found Xuinliam's Magic Scroll Shoppe.
 22257 | Orc:2    | Found a staircase to the Elven Halls.
 22317 | Orc:2    | Reached skill level 5 in Summonings
 22377 | Orc:2    | Paralysed by an orc sorcerer for 5 turns
 22448 | Orc:2    | Found a radiant altar of Vehumet.
 22454 | Orc:2    | Paralysed by an ogre mage for 3 turns
 22467 | Orc:2    | Paralysed by an ogre mage for 3 turns
 22576 | Orc:2    | Found an ancient bone altar of Kikubaaqudgha.
 22593 | Orc:2    | Found Manlimp's Magic Scroll Shop.
 22669 | Orc:2    | Found Coniamp's Jewellery Boutique.
 22677 | Orc:2    | Found Biwosan's Book Shop.
 22700 | Orc:2    | Found Woitwec's Antique Weapon Shop.
 22802 | Orc:2    | Bought the amulet "Kaluer" {RegenMP rElec Will+ Str+4} for
                  | 812 gold pieces
 22830 | Orc:2    | Bought Ozocubu's Autobiography for 336 gold pieces
 22838 | Orc:2    | Learned a level 7 spell: Ozocubu's Refrigeration
 22977 | D:12     | Reached skill level 15 in Ice Magic
 23032 | D:12     | Reached ****** piety under the Shining One
 23054 | D:12     | Found Toarr's Weapon Emporium.
 23170 | D:12     | You fall into a shaft and drop 3 floors!
 23170 | D:15     | Entered Level 15 of the Dungeon
 25428 | D:13     | Gained mutation: You are occasionally teleported next to
                  | monsters. [a neqoxec]
 25661 | D:2      | Lost mutation: You are occasionally teleported next to
                  | monsters. [potion of mutation]
 25661 | D:2      | Gained mutation: Your muscles are strong. (Str +4, Int/Dex
                  | -1) [potion of mutation]
 25661 | D:2      | Gained mutation: Your body sometimes deteriorates upon
                  | taking damage. [potion of mutation]
 25661 | D:2      | Gained mutation: You passively map a small area around you.
                  | [potion of mutation]
 25684 | D:2      | Lost mutation: You passively map a small area around you.
                  | [potion of mutation]
 25684 | D:2      | Lost mutation: Your muscles are strong. (Str +4, Int/Dex
                  | -1) [potion of mutation]
 25684 | D:2      | Gained mutation: Your flesh is heat resistant. (rF+)
                  | [potion of mutation]
 25684 | D:2      | Gained mutation: You have sharp fingernails. [potion of
                  | mutation]
 25684 | D:2      | Gained mutation: Your muscles are strong. (Str +4, Int/Dex
                  | -1) [potion of mutation]
 25781 | D:6      | Lost mutation: You have sharp fingernails. [potion of
                  | mutation]
 25781 | D:6      | Lost mutation: Your muscles are strong. (Str +4, Int/Dex
                  | -1) [potion of mutation]
 25781 | D:6      | Gained mutation: Your spells are a little easier to cast,
                  | but a little less powerful. [potion of mutation]
 25782 | D:6      | Lost mutation: Your body sometimes deteriorates upon taking
                  | damage. [potion of mutation]
 25782 | D:6      | Lost mutation: Your spells are a little easier to cast, but
                  | a little less powerful. [potion of mutation]
 25782 | D:6      | Gained mutation: You have a pair of small horns on your
                  | head. [potion of mutation]
 25782 | D:6      | Gained mutation: You are partially covered in iridescent
                  | scales. (AC +2) [potion of mutation]
 25782 | D:6      | Gained mutation: You expend magic power (3 MP) to
                  | strengthen your wands. [potion of mutation]
 26654 | D:15     | Noticed Kirke
 26660 | D:15     | Killed Kirke
 26661 | D:15     | Reached XP level 17. HP: 100/137 MP: 20/30
 26862 | D:15     | Noticed Azrael
 26874 | D:15     | Killed Azrael
 27256 | D:15     | Found a staircase to the Depths.
 27547 | D:15     | Reached skill level 5 in Maces & Flails
 27603 | D:15     | Noticed Rupert
 27612 | D:15     | Killed Rupert
 28282 | Swamp:1  | Entered Level 1 of the Swamp
 28293 | Swamp:1  | Identified the +8 plate armour of the Indestructible God
                  | {+Blink}
 29206 | Swamp:2  | Reached skill level 16 in Ice Magic
 29256 | Swamp:2  | Identified the +3 leather armour of Mahoan {-Tele Will++
                  | Int+5}
 29561 | Swamp:2  | Noticed Donald
 29571 | Swamp:2  | Killed Donald
 29964 | Swamp:2  | Found a transporter.
 29965 | Swamp:2  | Found a transporter.
 29972 | Swamp:2  | Noticed Zonian's ghost (adept GnBr)
 29977 | Swamp:2  | Found a bloodstained altar of Trog.
 30257 | Swamp:2  | Reached skill level 5 in Ranged Weapons
 30382 | Swamp:2  | Reached skill level 10 in Spellcasting
 30548 | Swamp:3  | Reached skill level 15 in Dodging
 30703 | Swamp:3  | Found a large runed translucent door.
 30703 | Swamp:3  | Found a large runed translucent door.
 30999 | Swamp:3  | Noticed Uniporpoise's ghost (adept GrFi)
 31462 | Swamp:3  | Reached XP level 18. HP: 148/148 MP: 25/32
 31465 | Swamp:3  | Reached skill level 15 in Fighting
 31612 | Swamp:4  | Entered Level 4 of the Swamp
 31635 | Swamp:4  | Identified the +4 sling of the Sneaky Cities {freeze, rF+
                  | Will++}
 31640 | Swamp:4  | Reached skill level 17 in Ice Magic
 31990 | Swamp:4  | Noticed Nikola
 32001 | Swamp:4  | Killed Nikola
 33397 | Swamp:4  | Got a decaying rune of Zot
 33567 | Snake:1  | Entered Level 1 of the Snake Pit
 33702 | Snake:1  | Noticed NinjaNoafa's ghost (adept MiFi)
 33712 | Snake:1  | Found a runed translucent gate.
 33712 | Snake:1  | Found a runed translucent gate.
 33712 | Snake:1  | Found a runed translucent gate.
 33874 | Snake:1  | Identified the +0 robe of the Hidden Souls {+Inv}
 34645 | Snake:1  | Found Ephiafud's Specific Store.
 34647 | Snake:1  | Found Nazxih's General Store.
 35156 | D:6      | Acquired 1141 gold pieces
 35158 | D:6      | Bought a manual of Invocations for 800 gold pieces
 35341 | Orc:1    | Bought a scroll of enchant armour for 120 gold pieces
 37090 | Snake:3  | Noticed Vashnia
 37440 | Snake:3  | Killed Vashnia
 37669 | Snake:3  | Found Cujuroch's Antique Armour Emporium.
 37670 | Snake:3  | Found Juoff's Magic Scroll Boutique.
 37671 | Snake:3  | Found Funetwer's Armour Shoppe.
 37919 | Snake:3  | Reached XP level 19. HP: 142/157 MP: 22/34
 38070 | Snake:3  | Identified the +6 war axe "Zoconip" {freeze, *Slow rN++}
 38301 | Snake:3  | Reached skill level 18 in Ice Magic
 39085 | Snake:4  | Entered Level 4 of the Snake Pit
 41833 | Snake:4  | Got a serpentine rune of Zot
 42325 | Elf:1    | Entered Level 1 of the Elven Halls
 42757 | Elf:1    | Reached skill level 10 in Invocations
 42901 | Elf:1    | Learned a level 4 spell: Olgreb's Toxic Radiance
 42906 | Elf:1    | Learned a level 4 spell: Airstrike
 43083 | Elf:1    | Reached XP level 20. HP: 166/166 MP: 34/35
 43164 | Elf:1    | Reached skill level 1 in Poison Magic
 43461 | Elf:1    | Noticed Louise
 43467 | Elf:1    | Killed Louise
 43586 | Elf:1    | Paralysed by an air elemental for 1 turns
 43944 | Elf:2    | Reached skill level 19 in Ice Magic
 44390 | Elf:2    | Found a runed translucent gate.
 44391 | Elf:2    | Found a runed translucent gate.
 44391 | Elf:2    | Found a runed translucent gate.
 44420 | Elf:3    | Entered Level 3 of the Elven Halls
 45155 | Elf:3    | Identified the ring "Allumpim" {Drain rElec rF+ rCorr
                  | Str+3}
 45622 | Elf:3    | Identified the +9 halberd "Ygiawn" {drain, rPois Str+7
                  | Int-5}
 45626 | Elf:3    | Identified the +0 scale mail "Yjiamauk" {rN+ Str+4}
 45924 | Elf:3    | Identified the +5 dagger of the Evil Eye {protect, SInv
                  | Stlth+}
 46968 | Elf:3    | Reached skill level 10 in Armour
 47290 | Elf:3    | Got the Volume of the Dusty Squall
 47873 | D:13     | Reached XP level 21. HP: 173/173 MP: 36/37
 48181 | D:13     | Found a gate to the Vaults.
 48522 | D:13     | Upgraded the game from 0.30-a0-414-gcb316572d5 to
                  | 0.30-a0-422-g946f4849ff
 48577 | Vaults:1 | Entered Level 1 of the Vaults
 48675 | Vaults:1 | Reached skill level 5 in Poison Magic
 49084 | Vaults:1 | Reached skill level 20 in Ice Magic
 49797 | Vaults:1 | Found Giodybou's Magic Scroll Shoppe.
 49811 | Vaults:1 | Acquired 1129 gold pieces
 49813 | Vaults:1 | Bought a scroll of acquirement for 936 gold pieces
 52198 | Vaults:2 | Found Yfy Joxi's Magic Scroll Shoppe.
 53021 | Vaults:3 | Reached XP level 22. HP: 93/182 MP: 13/38
 53023 | Vaults:3 | Noticed Mennas
 54583 | Vaults:3 | Killed Mennas
 54809 | Vaults:3 | Found a staircase to the Crypt.
 54815 | Vaults:3 | Noticed Zenata
 55672 | Vaults:3 | Noticed Aizul
 55676 | Vaults:3 | Killed Aizul
 55677 | Vaults:3 | Reached skill level 21 in Ice Magic
 56497 | Vaults:4 | Acquired the +9 staff of Olgreb {rPois∞}
 56497 | Vaults:4 | Found the +9 staff of Olgreb {rPois∞}
 56736 | Vaults:4 | Noticed Jory
 57411 | Snake:3  | Bought a scroll of enchant weapon for 90 gold pieces
 57535 | Lair:3   | Identified a +9 trishula of holy wrath (a +7 demon trident
                  | blessed by the Shining One)
 57535 | Lair:3   | Received a gift from the Shining One
 57849 | Crypt:1  | Entered Level 1 of the Crypt
 58206 | Vaults:3 | Learned a level 3 spell: Vhi's Electric Charge
 58745 | Crypt:1  | Reached skill level 1 in Staves
 59035 | Crypt:1  | Noticed Saint Roka
 59054 | Crypt:1  | Killed Saint Roka
 59359 | Crypt:1  | Reached skill level 5 in Polearms
 59758 | Crypt:2  | Found a runed translucent door.
 59758 | Crypt:2  | Noticed Kucw's ghost (adept GrFi)
 59947 | Crypt:1  | Found a basalt altar of Yredelemnul.
 60639 | Crypt:3  | Entered Level 3 of the Crypt
 60905 | Crypt:3  | Found a basalt altar of Yredelemnul.
 61144 | Crypt:3  | Reached XP level 23. HP: 99/190 MP: 40/40
 62022 | Crypt:3  | Identified the +6 short sword of the Feather {protect,
                  | rElec rPois}
 62028 | Crypt:3  | Identified the +1 buckler "Zefolynk" {Harm +Inv rPois SInv}
 62029 | Crypt:3  | Identified the +11 dagger of the Tundras {spect, rElec rN+
                  | Int+3}
 62510 | Crypt:3  | Found a staircase to the Tomb.
 62711 | Crypt:3  | Reached skill level 15 in Invocations
 63295 | Crypt:3  | Identified the +8 longbow "Duhyufoh" {freeze, *Slow Dex+3}
 63347 | Crypt:3  | Identified the ring "Vohet" {rN+ Int+4}
 63347 | Crypt:3  | Identified the ring "Mawny" {rF+++ rN+ Will- Str+8 Dex-2}
 63967 | D:10     | Found a runed translucent gate.
 63967 | D:10     | Found a runed translucent gate.
 63973 | D:10     | Found a runed translucent gate.
 63982 | D:10     | Noticed McMuffin's ghost (novice HOFi)
 64014 | D:10     | Killed McMuffin's ghost
 64264 | Swamp:2  | Killed Zonian's ghost
 64320 | Swamp:2  | Identified the +1 plate armour of the Engineer {Dex+4}
 64325 | Swamp:2  | Got the Monograph on Assistive Conflict
 64451 | Swamp:3  | Killed Uniporpoise's ghost
 64617 | Snake:1  | Killed NinjaNoafa's ghost
 65196 | Elf:2    | Reached skill level 22 in Ice Magic
 65198 | Elf:2    | Reached skill level 1 in Short Blades
 66303 | Depths:1 | Entered Level 1 of the Depths
 66320 | Depths:1 | Found a gateway to Hell.
 66855 | Depths:1 | Found Tastream's Armour Boutique.
 67367 | Depths:1 | Reached skill level 5 in Short Blades
 67801 | Depths:1 | Reached XP level 24. HP: 200/200 MP: 30/41
 68997 | Depths:2 | Found a one-way gate leading to the halls of Pandemonium.
 69257 | Depths:2 | You fall into a shaft and drop 1 floor!
 69496 | Depths:3 | Found a one-way gate to the infinite horrors of the Abyss.
 69841 | Depths:2 | Found Fanenk Luco's Antique Weapon Shoppe.
 69843 | Depths:2 | Found Tamudd's Jewellery Emporium.
 69845 | Depths:2 | Found Oharo's Antique Armour Shoppe.
 69855 | Depths:2 | Bought a brightly glowing broad axe for 432 gold pieces
 69855 | Depths:2 | Identified the +10 broad axe of Parts Unknown {spect, rCorr
                  | Str+5} (You bought it in a shop on level 2 of the Depths)
 69962 | Depths:2 | Found a sparkling altar of Nemelex Xobeh.
 69991 | Depths:2 | Found a runed translucent door.
 69991 | Depths:2 | Found the ring of Shadows {Umbra +Inv Stlth+}
 69991 | Depths:2 | Noticed a caustic shrike
 70005 | Depths:2 | Killed a caustic shrike
 70151 | Depths:2 | Found a runed translucent door.
 70203 | Depths:2 | Found a bloodstained altar of Trog.
 70223 | Depths:2 | Reached skill level 10 in Polearms
 70548 | Depths:2 | Noticed a juggernaut
 70602 | Depths:3 | Found a one-way gateway to a ziggurat.
 71089 | Depths:3 | Noticed a caustic shrike
 71403 | Depths:3 | Found a radiant altar of Vehumet.
 71403 | Depths:3 | Noticed the Enchantress
 71432 | Depths:3 | Killed the Enchantress
 71465 | Depths:3 | Identified the +1 chain mail "Joleyroq" {Dex+4}
 71725 | Depths:3 | Identified the ring of Warchuo {rF+ Will- Str+6 Int+7 SInv}
 72211 | Depths:3 | Killed a caustic shrike
 72649 | Depths:4 | Entered Level 4 of the Depths
 73116 | Depths:4 | Found an ornate altar of the Wu Jian Council.
 73718 | Depths:4 | Reached skill level 10 in Short Blades
 73769 | Depths:4 | Found a gate to the Realm of Zot.
 73988 | Depths:4 | Noticed Vv
 74179 | D:13     | Gained mutation: You occasionally shout uncontrollably at
                  | your foes. [a neqoxec]
 74654 | Vaults:4 | Killed Jory
 74934 | Vaults:4 | Reached skill level 15 in Spellcasting
 75003 | Vaults:4 | Found Tefo's Distillery.
 75011 | Vaults:4 | Bought a potion of heal wounds for 55 gold pieces
 75058 | Vaults:4 | Reached XP level 25. HP: 198/210 MP: 32/42
 75382 | Vaults:4 | Reached skill level 23 in Ice Magic
 75740 | Vaults:4 | Found the +3 robe of Clouds {*Thunder rCloud rElec}
 76329 | Vaults:5 | Entered Level 5 of the Vaults
 76640 | Vaults:5 | Reached skill level 24 in Ice Magic
 76701 | Vaults:5 | Noticed Sojobo
 76705 | Vaults:5 | Killed Sojobo
 76760 | Vaults:5 | Noticed an ancient lich
 76960 | Vaults:4 | Killed an ancient lich
 77037 | Vaults:5 | Noticed a dread lich
 77048 | Vaults:5 | Killed a dread lich
 77229 | Vaults:5 | Identified the +8 shortbow "Demonslayer" {drain, Dex+2}
 77539 | Vaults:5 | Noticed a dread lich
 77548 | Vaults:5 | Killed a dread lich
 77640 | Vaults:5 | Reached XP level 26. HP: 205/220 MP: 15/42
 77707 | Vaults:5 | Reached skill level 25 in Ice Magic
 78912 | Vaults:5 | Identified the amulet of Life {Spirit rC+ Int+4}
 79003 | Vaults:5 | Identified the +7 chain mail "Jiseetug" {rPois rC+++ Will-
                  | Int+2}
 79215 | Vaults:5 | Identified the +5 hand axe of Temperance {freeze, rF+++ rC+
                  | rN+ Int-4}
 79642 | Vaults:5 | Identified the +1 buckler of Ethereal Miracles {Rampage
                  | MP+9}
 79709 | Vaults:5 | Got a silver rune of Zot
 80548 | Vaults:3 | Killed Zenata
 80755 | Crypt:2  | Killed Kucw's ghost
 81122 | Depths:2 | Paralysed by a floating eye for 3 turns
 81468 | Depths:2 | Identified the +4 sling "Caxis" {antimagic, rF+}
 81468 | Depths:2 | Identified the ring "Muer" {rPois rC+ Int+3 Slay+2}
 81486 | Depths:2 | Killed a juggernaut
 81491 | Depths:2 | Reached skill level 10 in Air Magic
 81846 | Depths:4 | Identified the +3 tower shield "Isitsav" {Harm}
 81865 | Depths:4 | Was placed under penance by the Shining One
 81872 | Depths:4 | Killed Vv
 82824 | Depths:4 | Found Big Baal Hell's Store.
 83053 | Zot:1    | Entered Level 1 of the Realm of Zot
 83055 | Zot:1    | Reached skill level 26 in Ice Magic
 83115 | Zot:1    | Upgraded the game from 0.30-a0-422-g946f4849ff to
                  | 0.30-a0-424-g7412bad402
 83528 | Zot:1    | You fall into a shaft and drop 1 floor!
 84111 | Zot:1    | Identified the +3 scale mail of Viny Happiness {Dex+3}
 84338 | Zot:1    | Was forgiven by the Shining One
 85236 | Zot:2    | Found a transporter.
 85556 | Zot:2    | Noticed an orb of fire
 85576 | Zot:2    | Gained mutation: You frequently scream uncontrollably at
                  | your foes. [an orb of fire]
 85583 | Zot:2    | Gained mutation: You have hidden genetic defects. [an orb
                  | of fire]
 85587 | Zot:2    | Gained mutation: Potions are less effective at restoring
                  | your health. [an orb of fire]
 85960 | D:10     | Gained mutation: You are frail. (-10% HP) [mutagenic glow]
 86289 | Zot:2    | Reached XP level 27. HP: 194/207 MP: 19/42
 86291 | Zot:2    | Reached skill level 27 in Ice Magic
 86904 | Zot:2    | Found a transporter.
 86917 | Zot:2    | Gained mutation: Your body sometimes deteriorates upon
                  | taking damage. [an orb of fire]
 86920 | Zot:2    | Gained mutation: You are clumsy. (Dex -2) [an orb of fire]
 86923 | Zot:2    | Gained mutation: Your spells are a little easier to cast,
                  | but a little less powerful. [an orb of fire]
 86930 | Zot:2    | Killed an orb of fire
 86932 | Zot:2    | Lost mutation: Potions are less effective at restoring your
                  | health. [potion of mutation]
 86932 | Zot:2    | Lost mutation: You have a pair of small horns on your head.
                  | [potion of mutation]
 86932 | Zot:2    | Gained mutation: You are strong-willed. (Will+) [potion of
                  | mutation]
 86932 | Zot:2    | Gained mutation: You are highly strong-willed. (Will++)
                  | [potion of mutation]
 86933 | Zot:2    | Lost mutation: You are clumsy. (Dex -2) [potion of
                  | mutation]
 86933 | Zot:2    | Lost mutation: You are frail. (-10% HP) [potion of
                  | mutation]
 86933 | Zot:2    | Lost mutation: Your flesh is heat resistant. (rF+) [potion
                  | of mutation]
 86934 | Zot:2    | Lost mutation: Your spells are a little easier to cast, but
                  | a little less powerful. [potion of mutation]
 86934 | Zot:2    | Lost mutation: You are highly strong-willed. (Will++)
                  | [potion of mutation]
 86934 | Zot:2    | Lost mutation: Your body sometimes deteriorates upon taking
                  | damage. [potion of mutation]
 86934 | Zot:2    | Gained mutation: You are clumsy. (Dex -2) [potion of
                  | mutation]
 87514 | Zot:3    | Learned a level 3 spell: Swiftness
 87662 | Zot:3    | Found a transporter.
 87780 | Zot:3    | Noticed an orb of fire
 87786 | Zot:3    | Gained mutation: You do not regenerate when monsters are
                  | visible. [an orb of fire]
 87791 | Zot:3    | Gained mutation: You sometimes lose your temper in combat.
                  | [an orb of fire]
 87796 | Zot:3    | Gained mutation: You have an uncontrollable temper. [an orb
                  | of fire]
 87800 | Zot:3    | Killed an orb of fire
 87807 | Zot:2    | Gained mutation: You are dopey. (Int -2) [hidden defects]
 87808 | Zot:2    | Lost mutation: You are strong-willed. (Will+) [potion of
                  | mutation]
 87808 | Zot:2    | Lost mutation: You are partially covered in iridescent
                  | scales. (AC +2) [potion of mutation]
 87809 | Zot:2    | Lost mutation: You frequently scream uncontrollably at your
                  | foes. [potion of mutation]
 87809 | Zot:2    | Lost mutation: You have an uncontrollable temper. [potion
                  | of mutation]
 87809 | Zot:2    | Gained mutation: You are robust. (+10% HP) [potion of
                  | mutation]
 87810 | Zot:2    | Lost mutation: You are clumsy. (Dex -2) [potion of
                  | mutation]
 87810 | Zot:2    | Lost mutation: You are dopey. (Int -2) [potion of mutation]
 87810 | Zot:2    | Lost mutation: You have hidden genetic defects. [potion of
                  | mutation]
 87810 | Zot:2    | Lost mutation: You are robust. (+10% HP) [potion of
                  | mutation]
 87810 | Zot:2    | Gained mutation: Your magical capacity is low. (-10% MP)
                  | [potion of mutation]
 87810 | Zot:2    | Gained mutation: Your mind is acute. (Int +4, Str/Dex -1)
                  | [potion of mutation]
 88356 | Elf:2    | Lost mutation: You expend magic power (3 MP) to strengthen
                  | your wands. [potion of mutation]
 88356 | Elf:2    | Lost mutation: You occasionally shout uncontrollably at
                  | your foes. [potion of mutation]
 88356 | Elf:2    | Lost mutation: Your mind is acute. (Int +4, Str/Dex -1)
                  | [potion of mutation]
 88356 | Elf:2    | Gained mutation: You occasionally lose the ability to read
                  | scrolls when taking damage. [potion of mutation]
 88357 | Elf:2    | Lost mutation: Your magical capacity is low. (-10% MP)
                  | [potion of mutation]
 88357 | Elf:2    | Lost mutation: You occasionally lose the ability to read
                  | scrolls when taking damage. [potion of mutation]
 88357 | Elf:2    | Gained mutation: You have a somewhat thin skeletal
                  | structure. (Dex +2, Stealth+) [potion of mutation]
 88357 | Elf:2    | Lost mutation: You sometimes lose your temper in combat.
                  | [potion of mutation]
 88357 | Elf:2    | Lost mutation: You have a somewhat thin skeletal structure.
                  | (Dex +2, Stealth+) [potion of mutation]
 88357 | Elf:2    | Gained mutation: Your mind is acute. (Int +4, Str/Dex -1)
                  | [potion of mutation]
 88646 | Snake:1  | Bought a potion of mutation for 160 gold pieces
 89755 | Vaults:4 | Bought a potion of mutation for 88 gold pieces
 89755 | Vaults:4 | Bought a potion of mutation for 88 gold pieces
 92060 | Zot:4    | Paralysed by you for 2 turns
 93330 | Zot:4    | Identified the ring of Scepticism {rPois Will+ AC+4 Int+4
                  | Stlth-}
 94847 | Zot:4    | Identified the +2 pair of boots of Action {rPois rF+ Will+
                  | Str+3}
 94966 | Zot:5    | Entered Level 5 of the Realm of Zot
 95569 | Zot:5    | Learned a level 4 spell: Summon Lightning Spire
 96001 | Zot:5    | Noticed an ancient lich
 96130 | Zot:5    | Noticed an ancient lich
 96156 | Zot:5    | Killed an ancient lich
 96204 | Zot:5    | Noticed an orb of fire
 96211 | Zot:5    | Gained mutation: You sometimes lose your temper in combat.
                  | [an orb of fire]
 96213 | Zot:5    | Gained mutation: Armour fits poorly on your strangely
                  | shaped body. [an orb of fire]
 96214 | Zot:5    | Gained mutation: Your body sometimes deteriorates upon
                  | taking damage. [an orb of fire]
 96216 | Zot:5    | Gained mutation: You occasionally lose the ability to drink
                  | potions when taking damage. [an orb of fire]
 96219 | Zot:5    | Gained mutation: Your spells are a little easier to cast,
                  | but a little less powerful. [an orb of fire]
 96220 | Zot:5    | Gained mutation: You are agile. (Dex +4, Str/Int -1) [an
                  | orb of fire]
 96242 | Zot:5    | Killed an orb of fire
 96332 | Zot:5    | Lost mutation: You occasionally lose the ability to drink
                  | potions when taking damage. [potion of mutation]
 96332 | Zot:5    | Lost mutation: Your spells are a little easier to cast, but
                  | a little less powerful. [potion of mutation]
 96332 | Zot:5    | Lost mutation: You are agile. (Dex +4, Str/Int -1) [potion
                  | of mutation]
 96332 | Zot:5    | Gained mutation: You are agile. (Dex +4, Str/Int -1)
                  | [potion of mutation]
 96332 | Zot:5    | Gained mutation: Your flesh is heat resistant. (rF+)
                  | [potion of mutation]
 96333 | Zot:5    | Lost mutation: Your mind is acute. (Int +4, Str/Dex -1)
                  | [potion of mutation]
 96333 | Zot:5    | Lost mutation: You sometimes lose your temper in combat.
                  | [potion of mutation]
 96333 | Zot:5    | Lost mutation: You are agile. (Dex +4, Str/Int -1) [potion
                  | of mutation]
 96333 | Zot:5    | Gained mutation: You have hidden genetic defects. [potion
                  | of mutation]
 96334 | Zot:5    | Lost mutation: Your flesh is heat resistant. (rF+) [potion
                  | of mutation]
 96334 | Zot:5    | Lost mutation: You have hidden genetic defects. [potion of
                  | mutation]
 96334 | Zot:5    | Lost mutation: Your body sometimes deteriorates upon taking
                  | damage. [potion of mutation]
 96334 | Zot:5    | Lost mutation: You do not regenerate when monsters are
                  | visible. [potion of mutation]
 96334 | Zot:5    | Gained mutation: Your mind is acute. (Int +4, Str/Dex -1)
                  | [potion of mutation]
 96381 | Zot:5    | Noticed an orb of fire
 96512 | Zot:5    | Noticed an ancient lich
 96522 | Zot:5    | Killed an ancient lich
 96686 | Zot:5    | Noticed an orb of fire
 96696 | Zot:5    | Gained mutation: You occasionally lose the ability to drink
                  | potions when taking damage. [an orb of fire]
 96715 | Zot:5    | HP: 8/238 [poisoned by a death drake (foul vapour)]
 96717 | Zot:4    | HP: 3/238 [poisoned by a death drake (foul vapour)]
 96720 | Zot:4    | HP: 1/238 [poisoned by a death drake (foul vapour)]
 96722 | Zot:4    | Succumbed to a death drake's foul vapour

Illustrated notes

Levels and vault maps discovered:
D:1:      dpeg_arrival_rooms_c, layout_basic
D:2:      layout_rooms, uniq_natasha
D:3:      layout_rooms, hangedman_abyss_or_decor_stabs, uniq_robin
D:4:      minmay_thinvault, layout_basic, temple_doors_ab
D:5:      layout_basic, chequers_garden
D:6:      layout_loops_cross, nicolae_shop_vocational, uniq_crazy_yiuf_cottage,
          uniq_maggie
D:7:      layout_rooms, overflow_temple_1_default, mainiacjoe_overflow_alcove_3,
          kennysheep_opposing_triangles, uniq_duvessa
D:8:      minmay_the_grid_triangle_9x9_recursive_2
          [minmay_the_grid_triangle_9x9_prize_top_heavy,
          minmay_the_grid_triangle_9x9_checkered,
          minmay_the_grid_triangle_9x9_skeleton,
          minmay_the_grid_triangle_9x9_pentomino_pain], layout_basic,
          nicolae_ru_path_of_blood, mainiacjoe_overflow_divided_tiny,
          david_lair_generic
D:9:      layout_rooms, roderic_roman_lattice, hangedman_fish_farm, uniq_grum
D:10:     layout_long_grid, enter_bailey_2,
          ploomutoo_gammafunk_ghost_potion_laboratory
D:11:     nzn_winding_woodlands_three_and_one [nzn_winding_woodlands_5x15_cabin,
          nzn_winding_woodlands_5x15_pockets,
          nzn_winding_woodlands_5x15_split_checker,
          nzn_winding_woodlands_center_garden], layout_basic,
          grunt_ministairs_8, uniq_josephine, uniq_psyche
D:12:     layout_long_grid, serial_shops, nicolae_square_shop,
          minmay_statue_bubble
D:13:     kennysheep_windowed_halls, layout_irregular_city,
          lightli_vaults_fourway_checkpoint, serial_demonic, serial_demonic_g,
          serial_demonic_b, serial_demonic_b, serial_demonic_c,
          serial_demonic_a, serial_demonic_e, serial_demonic_d,
          serial_demonic_b, serial_demonic_f, serial_demonic_a
D:14:     layout_roguey, serial_bayou_lagoon_a
D:15:     hangedman_depths_entry_civil_slaughter, layout_basic, serial_rivers,
          chequers_serial_rivers_micro_d, chequers_serial_rivers_room_a,
          chequers_serial_rivers_micro_a, chequers_serial_rivers_micro_d,
          chequers_serial_rivers_room_b, hangedman_decor_clover_reticule,
          uniq_azrael, uniq_kirke, uniq_rupert
Temple:   nicolae_temple_ecumenical_triangle
Lair:1:   layout_cave_pods, lemuel_fruit_tree
Lair:2:   layout_small_grid, nicolae_swamp_entry_splash_gauntlet,
          infiniplex_staircase_pool_2
Lair:3:   layout_loops_ring, guppyfry_snake_entry_garden, roderic_batcave,
          uniq_urug
Lair:4:   beast_lair_carwin_large_4, layout_cave_shapes, slime_entry_1,
          ebering_ghost_reflecting_pool, lemuel_fruit_fields
Lair:5:   hangedman_lair_caniforms_friends, layout_cave_pods,
          guppyfry_lair_end_dragon, minmay_lindwurm_lava
Swamp:1:  layout_basic_swamp, serial_swamp_ruin, evilmike_swamp_ruin_house_3,
          hangedman_swamp_ruin_hall, evilmike_swamp_ruin_rubble_2
Swamp:2:  layout_basic_swamp, gammafunk_ghost_wrathful_warriors,
          evilmike_swamp_ruin_house_1, swamp_pool3, st_swamp_mini, uniq_donald
Swamp:3:  layout_basic_swamp, ebering_ghost_disaster_area,
          evilmike_swamp_ruin_house_5, swamp_pool1, infiniplex_staircase_pool
Swamp:4:  swamp_icy, layout_basic_swamp, swamp_pool3, uniq_nikola
Snake:1:  layout_chambers, gammafunk_ghost_split, nicolae_specific_store,
          serial_bayou_shore_a, grunt_megastairs_5
Snake:2:  layout_concentric_octagons, serial_bayou_ford_a
Snake:3:  cheibrodos_snake_ritualist_ritual, layout_grid_shapes,
          nicolae_wooded_promenade, grunt_ministairs_12, eino_curves_02,
          beargit_elvish_explorers, uniq_vashnia
Snake:4:  minmay_snake_end_coiled, layout_rooms, grunt_ministairs_3,
          st_stairs_4, nrook_guardian_serpent_double
Orc:1:    layout_caves, serial_shops, nicolae_shop_crystal
Orc:2:    kennysheep_orc_mage_school, layout_caves
Elf:1:    elf_arrival_002, layout_geoelf_diagonals,
          hangedman_elven_crosses_minicolossus, uniq_louise
Elf:2:    nicolae_elf_blades_crystal_corner, layout_geoelf_octagon
Elf:3:    grunt_elf_hall_branching, layout_geoelf_octagon
Vaults:1: vaults_room_octagon, hangedman_vaults_nodes, v_misc_23,
          v_alt_pattern_3, v_misc_9, hangedman_vaults_capsules, v_misc_25,
          ontoclasm_vaults_gateway, nicolae_vaults_theta,
          ontoclasm_vaults_twist, vaults_dpeg_ring, vaults_dpeg_diagonal,
          nicolae_vaults_sealed_display, layout_vaults_big_room, serial_shops,
          shop
Vaults:2: nicolae_vaults_network_s, nicolae_vaults_angled_halls,
          ontoclasm_vaults_decontamination, vaults_room_door_hall,
          vaults_dpeg_emergency_exit, v_alt_pattern_6, vaults_room_pool,
          nicolae_vaults_little_squares_3, layout_vaults_quadrants,
          serial_shops, shop_scrolls
Vaults:3: grunt_vaults_bifocal, minmay_crypt_entry_simple_sparse,
          ontoclasm_vaults_spin, v_rooms_6, nicolae_vaults_twisting_passages,
          vaults_dpeg_doors, v_pattern_3, vaults_room_pool, v_alt_pattern_5,
          nicolae_vaults_little_squares_6, layout_vaults_big_cross, uniq_zenata,
          uniq_mennas, uniq_aizul
Vaults:4: st_greater_box_3, nicolae_vaults_asterisk,
          nicolae_vaults_network_barrier, vaults_mumra_minichess_inversion,
          v_rooms_1, grunt_vaults_funnel, hangedman_vaults_nails, v_misc_28,
          vaults_mumra_lcd, nicolae_vaults_asterisk, vaults_room_pool,
          layout_vaults_omnibox, serial_shops, shop, uniq_jory
Vaults:5: serial_shops, uniq_sojobo
Crypt:1:  layout_gridlike, grunt_crypt_arrival_webbed, lemuel_upstairs_altar,
          uniq_saint_roka
Crypt:2:  layout_rooms, hellmonk_ghost_happy_afterlife, minivault_26
Crypt:3:  grunt_crypt_end_deaths_head
Depths:1: layout_twisted_cross, pf_vacation_house_of_asmodeus, serial_shops,
          shop_coins, kennysheep_potato, grunt_megastairs_2, firewood_loft
Depths:2: minmay_expanding_circles, layout_cave_pools, hell_entry,
          nemelex_lonely_heart_becter, rand_demon_pan_entry_4, tgw_trog,
          minmay_shop_star, infiniplex_staircase_spiral
Depths:3: grunt_forest_end_shrine, layout_gridlike, enter_ziggurat_c,
          chequers_serial_rivers_micro_a, lightli_too_deep, abyss_entry,
          hangedman_abyss_or_decor_lesser_grid, kennysheep_island_fort,
          infiniplex_staircase_star, uniq_enchantress, uniq_josephina
Depths:4: evilmike_zot_entry_hall, layout_gridlike,
          nicolae_hell_entry_big_baal_hell, nicolae_wu_jian_immortal_techniques,
          serial_glass, glass_columns_a, glass_columns_b, glass_columns_a,
          glass_columns_a, glass_columns_a, due_unseen_surprise,
          item_on_display_a, item_on_display_a, feat_on_display,
          minmay_misc_feat_x, uniq_margery, uniq_vv
Zot:1:    layout_cathedral_of_symmetry
Zot:2:    gammafunk_its_a_trap, layout_onion_interference
Zot:3:    gammafunk_dig_for_victory, layout_basic
Zot:4:    gammafunk_mikee_crab_dinner, layout_cellular_growth, zot_minivault_1,
          grunt_megastairs_4
Zot:5:    layout_cathedral_of_symmetry

Skill      XL: |  1  2  3  4  5  6  7  8  9 10 11 12 13 14 15 16 17 18 19 20 21 22 23 24 25 26 27 |
---------------+----------------------------------------------------------------------------------+-----
Dodging        | 3 6 8 9 11 13 15 16 17 18 19 20 21 | 21.9
Fighting       | 1 2 3 4 5 6 8 9 10 11 13 14 15 16 17 18 19 20 22 24 | 24.1
Ice Magic      | 5 6 8 9 10 11 12 13 14 15 16 17 18 19 20 21 22 24 26 27 | 27.0
Stealth        | 3 |  3.0
Armour         | 1 2 3 4 5 6 7 8 9 10 | 10.0
Throwing       | 1 |  1.0
Shields        | 1 2 3 4 5 |  5.0
Spellcasting   | 3 4 5 6 7 8 9 10 11 12 13 14 15 | 15.0
Conjurations   | 1 2 3 4 5 6 7 8 |  8.0
Polearms       | 2 4 6 9 11 | 11.8
Earth Magic    | 1 2 3 4 5 6 |  6.0
Invocations    | 2 3 4 6 7 10 11 13 14 15 16 17 | 17.8
Evocations     | 1 3 |  3.0
Summonings     | 1 3 4 5 |  5.0
Maces & Flails | 2 3 4 5 6 8 9 |  9.9
Air Magic      | 2 3 4 5 6 7 8 9 10 | 10.0
Ranged Weapons | 2 3 4 5 6 7 8 |  8.0
Poison Magic   | 4 6 7 |  7.0
Staves         | 1 |  1.2
Short Blades   | 5 10 12 | 12.0

Action                   |  1- 3 |  4- 6 |  7- 9 | 10-12 | 13-15 | 16-18 | 19-21 | 22-24 | 25-27 || total
-------------------------+-------+-------+-------+-------+-------+-------+-------+-------+-------++-------
Melee: Dagger            |     5 |     7 |     3 |       |       |       |       |       |   131 ||   146
       Unarmed           |     1 |       |       |     1 |       |       |       |       |       ||     2
       Spear             |       |       |    33 |       |       |       |       |       |       ||    33
       Trident           |       |       |    12 |     5 |       |       |       |       |       ||    17
       Mace              |       |       |       |    71 |     3 |   236 |   184 |   120 |       ||   614
       Headbutt          |       |       |       |       |       |    43 |    68 |   570 |   283 ||   964
       Tailslap          |       |       |       |       |       |     7 |       |     6 |       ||    13
       Trishula          |       |       |       |       |       |       |       |  1291 |  1080 ||  2371
       Sacred scourge    |       |       |       |       |       |       |       |    10 |       ||    10
       Staff             |       |       |       |       |       |       |       |    11 |       ||    11
       Broad axe         |       |       |       |       |       |       |       |    12 |       ||    12
 Fire: Sling             |       |       |    51 |    70 |       |     8 |     8 |     1 |       ||   138
Throw: Dart              |       |     3 |     5 |    10 |     2 |     5 |       |       |       ||    25
 Cast: Freeze            |    47 |   119 |   107 |   172 |   203 |   368 |    85 |    51 |     3 ||  1155
       Frozen Ramparts   |       |     9 |    38 |    77 |    58 |   107 |    40 |   111 |    61 ||   501
       Ozocubu's Armour  |       |     1 |    19 |    65 |    59 |   109 |    45 |   130 |    98 ||   526
       Magic Dart        |       |       |    30 |    49 |    47 |    77 |     3 |       |     1 ||   207
       Searing Ray       |       |       |     8 |    47 |     2 |     8 |       |       |       ||    65
       Stone Arrow       |       |       |       |    57 |    91 |   500 |   314 |    47 |     6 ||  1015
       Summon Ice Beast  |       |       |       |     4 |       |    28 |     1 |     2 |     6 ||    41
       Freezing Cloud    |       |       |       |       |     3 |    67 |    80 |     6 |    23 ||   179
       Hailstorm         |       |       |       |       |       |     8 |     1 |       |       ||     9
       Ozocubu's Refrige |       |       |       |       |       |    60 |   277 |   291 |   346 ||   974
       Olgreb's Toxic Ra |       |       |       |       |       |       |    25 |    35 |    26 ||    86
       Airstrike         |       |       |       |       |       |       |     1 |    70 |    55 ||   126
       Vhi's Electric Ch |       |       |       |       |       |       |       |    14 |     9 ||    23
       Summon Lightning  |       |       |       |       |       |       |       |       |    12 ||    12
       Swiftness         |       |       |       |       |       |       |       |       |     3 ||     3
Invok: Brand Weapon With |       |       |       |       |       |       |       |     1 |       ||     1
       Cleansing Flame   |       |       |       |       |       |       |       |     4 |     3 ||     7
       Divine Shield     |       |       |       |       |       |       |       |     1 |     2 ||     3
       Summon Divine War |       |       |       |       |       |       |       |       |     1 ||     1
 Abil: Evoke the Staff o |       |       |       |       |       |       |       |     6 |       ||     6
Evoke: Wand              |       |       |       |     2 |       |     7 |    12 |     7 |     2 ||    30
       Lightning rod     |       |       |       |       |       |       |       |       |     4 ||     4
  Use: Scroll            |       |    10 |     7 |    10 |     3 |     9 |    12 |    24 |    12 ||    87
       Potion            |       |     1 |     1 |     2 |     3 |     7 |     5 |     9 |    22 ||    50
 Stab: Sleeping          |     4 |       |       |       |       |       |       |       |       ||     4
Armor: Robe              |     6 |     7 |       |       |    13 |   331 |   239 |   696 |       ||  1292
       Animal skin       |       |    23 |    32 |       |       |       |       |       |       ||    55
       Steam dragon scal |       |       |    48 |   112 |       |       |       |       |       ||   160
       Swamp dragon scal |       |       |       |    77 |    89 |       |       |       |       ||   166
       Acid dragon scale |       |       |       |       |       |       |       |    66 |   527 ||   593
Dodge: Dodged            |    27 |    70 |   139 |   302 |   166 |   792 |   528 |  1402 |   912 ||  4338
Block: Buckler           |       |       |       |    95 |    59 |   243 |   175 |   540 |   339 ||  1451
       Reflection        |       |       |       |       |       |     4 |    22 |     9 |     7 ||    42

Table legend: (Time is in decaauts)
 A = Elapsed time spent in this place.
 B = Non-inter-level travel time spent in this place.
 C = Inter-level travel time spent in this place.
 D = Time resting spent in this place.
 E = Time spent auto-exploring this place.
 F = Levels seen in this place.
 G = Mean time per level.
                   A        B        C        D        E       F      G
               +--------+--------+--------+--------+--------+-----+--------+
         Total |  96134 |  83988 |  12146 |  25030 |  37657 |  52 | 1848.7 |
       Dungeon |  22417 |  18046 |   4371 |   3195 |   9958 |  15 | 1494.5 |
        Temple |     44 |     32 |     12 |      0 |      5 |   1 |   44.0 |
          Lair |   7782 |   6825 |    957 |    931 |   4327 |   5 | 1556.4 |
         Swamp |   5265 |   4893 |    372 |   1541 |   1908 |   4 | 1316.2 |
     Snake Pit |   8584 |   8038 |    546 |   2922 |   3013 |   4 | 2146.0 |
  Orcish Mines |   2655 |   1792 |    863 |    240 |    865 |   2 | 1327.5 |
   Elven Halls |   6189 |   5548 |    641 |   1823 |   2365 |   3 | 2063.0 |
        Vaults |  15822 |  13977 |   1845 |   5856 |   5755 |   5 | 3164.4 |
         Crypt |   5594 |   5006 |    588 |   1556 |   1604 |   3 | 1864.7 |
        Depths |  10386 |   9196 |   1190 |   3145 |   3862 |   4 | 2596.5 |
           Zot |  10525 |   9770 |    755 |   3687 |   3696 |   5 | 2105.0 |
        Bailey |    866 |    866 |      0 |    131 |    298 |   1 |  866.0 |
               +--------+--------+--------+--------+--------+-----+--------+

Top non-repeatable levels by time:
Vaults:3: 4379 daAuts
Vaults:4: 3464 daAuts
   Zot:4: 3137 daAuts
 Crypt:3: 2974 daAuts
Depths:1: 2942 daAuts
Depths:4: 2812 daAuts
Vaults:2: 2728 daAuts
Vaults:5: 2721 daAuts
    D:13: 2646 daAuts
   Elf:3: 2624 daAuts
 Snake:4: 2617 daAuts
  Lair:5: 2586 daAuts
Depths:3: 2530 daAuts
Vaults:1: 2528 daAuts
 Snake:3: 2320 daAuts
